 Dungeon Crawl Stone Soup version 0.28.0-53-g5a82cb258f (webtiles) character file.

Game seed: 13069279653253718262

122 H0rd4k the Charlatan (level 5, -5/38 HPs)
             Began as a Human Artificer on June 28, 2022.
             Slain by a wyvern (15 damage)
             ... on level 4 of the Dungeon.
             The game lasted 00:02:42 (3591 turns).

H0rd4k the Charlatan (Human Artificer)              Turns: 3591, Time: 00:02:42

Health: -5/38      AC:  7    Str: 12    XL:     5   Next: 27%
Magic:  4/4        EV: 10    Int: 14    God:
Gold:   153        SH:  0    Dex: 15    Spells: 4/4 levels left

rFire   . . .      SeeInvis .   o - +3 short sword (antimagic)
rCold   . . .      Faith    .   (no shield)
rNeg    . . .      Spirit   .   t - +1 ring mail "Picis" {Will+ Dex+2}
rPois   .          Reflect  .   u - +0 helmet
rElec   .          Harm     .   (no cloak)
rCorr   .          Rampage  .   (no gloves)
Will    +....                   (no boots)
Stlth   +.........              (no amulet)
HPRegen 0.12/turn               h - ring of magical power
MPRegen 0.09/turn               (no ring)

@: no status effects
A: no striking features
a: no special abilities


You were on level 4 of the Dungeon.
You visited 1 branch of the dungeon, and saw 4 of its levels.

You collected 153 gold pieces.

Inventory:

Hand Weapons
 a - a +0 club
 o - a +3 antimagic short sword (weapon)
Missiles
 i - 5 datura-tipped darts
 m - 5 poisoned darts (quivered)
Armour
 b - a +0 leather armour
 t - the +1 ring mail "Picis" (worn) {Will+ Dex+2}
   (You found it on level 3 of the Dungeon)

   Dex:       It affects your dexterity (+2).
   Will:      It increases your willpower.
 u - a +0 helmet (worn)
Magical Staves
 g - a staff of air
Jewellery
 h - a ring of magical power (left hand)
Wands
 c - a wand of flame (15)
 d - a wand of charming (15)
Scrolls
 j - a scroll of fog {unknown}
 n - a scroll of amnesia {unknown}
 s - 3 scrolls of identify {unknown}
 v - a scroll of enchant weapon {unknown}
 w - a scroll of fear {unknown}
 x - a scroll of teleportation {unknown}
Potions
 f - 2 potions of mutation {unknown}
 k - a potion of lignification {unknown}
 l - a potion of resistance {unknown}
 p - 2 potions of curing {unknown}
 q - 2 potions of haste {unknown}
 r - a potion of attraction {unknown}
Miscellaneous
 e - a piece from Xom's chessboard (14/15)


   Skills:
 + Level 1.7 Fighting
 + Level 1.5 Short Blades
 + Level 1.3 Maces & Flails
 - Level 2.0 Armour
 + Level 1.7 Dodging
 - Level 1.0 Stealth
 + Level 4.3 Evocations


You had 4 spell levels left.
You didn't know any spells.
Your spell library was empty.

Dungeon Overview and Level Annotations

Branches:
Dungeon (4/15)
 Temple: D:4-7

Altars:


Message History

Done exploring.
Done exploring.
Done exploring.
No target in view!
Unknown command.
(D) Dungeon
Where to? (Enter - D:3, ? - help)
There is a stone staircase leading down here.
You climb downwards.
There is a stone staircase leading up here.
Key pressed, stopping travel.
Found 20 sling bullets.
p - 2 dark potions (gained 1) As you open the door, it creaks loudly!
No target in view!
There is an open door here.
Found a stone staircase leading down.
You open the door.
There is an open door here.
A wyvern comes into view.
The wyvern hisses angrily.
The wyvern closely misses you. The wyvern bites you!
You make a move on Xom's chessboard...
The wyvern falls asleep!
The helpless wyvern fails to defend itself.
You hit the wyvern.
The wyvern is lightly wounded.
The wyvern bites you but does no damage.
The wyvern bites you.
You hit the wyvern but do no damage.
The wyvern is lightly wounded.
The wyvern bites you!
* * * LOW HITPOINT WARNING * * *
You hit the wyvern but do no damage.
The wyvern is lightly wounded.
The wyvern bites you but does no damage.
The wyvern barely misses you.
You hit the wyvern but do no damage.
The wyvern is lightly wounded.
The wyvern bites you!
You die...

##+#... #.....#########
#.....+.......###..
#.....#.........#..
#.....#.........#..
#.....#.........#..
#.....#.........#..
#l@...#..####'####.
.......#'###..####...##.
.......+.............##.
.......#.>..............
.......#................
.......#................
.......#.............##.
.......#.............###
#..............


You could see a wyvern.

Vanquished Creatures
  6 adders
  An orc (D:3)
  4 ball pythons
  6 endoplasms
  2 giant cockroaches
  9 goblins
  10 hobgoblins
  2 jackals (D:2)
  5 kobolds
  A quokka (D:1)
  8 bats
  4 frilled lizards
  5 rats
63 creatures vanquished.

Notes
Turn   | Place    | Note
-------+----------+-------------------------------------------
     0 | D:1      | H0rd4k the Human Artificer began the quest for the Orb.
     0 | D:1      | Reached XP level 1. HP: 15/15 MP: 1/1
   192 | D:1      | Reached XP level 2. HP: 5/21 MP: 2/2
   609 | D:1      | Found a faded altar of an unknown god.
  1433 | D:2      | Reached XP level 3. HP: 26/26 MP: 1/3
  1450 | D:2      | Reached skill level 4 in Evocations
  1900 | D:2      | Reached XP level 4. HP: 14/32 MP: 1/4
  1903 | D:2      | Reached skill level 1 in Maces & Flails
  2666 | D:2      | Reached skill level 1 in Short Blades
  2865 | D:3      | Reached XP level 5. HP: 37/37 MP: 2/5
  2977 | D:3      | Identified the +1 ring mail "Picis" {Will+ Dex+2}
  3585 | D:4      | Noticed a wyvern
  3591 | D:4      | Slain by a wyvern

Illustrated notes

Levels and vault maps discovered:
D:1:      evilmike_arrival_home_sweet_home, layout_basic,
          shapermc_ecumenical_altar_mp_vishouse, minmay_split_cup_large
D:2:      cheibrodos_greedy_goblins, layout_loops_ring
D:3:      layout_basic, serial_curves, eino_curves_04, eino_curves_02,
          eino_curves_04, eino_curves_04
D:4:      layout_gridville, chequers_serial_rivers_micro_a, uniq_edmund

Skill      XL: |  1  2  3  4 |
---------------+-------------+-----
Evocations     | 4 |  4.3
Maces & Flails | 1 |  1.3
Short Blades   | 1 |  1.5
Fighting       | |  1.7
Armour         | |  2.0
Dodging        | |  1.7
Stealth        | |  1.0

Action                   |  1- 3 |  4- 6 || total
-------------------------+-------+-------++-------
Melee: Club              |    62 |       ||    62
       Punch             |     4 |     1 ||     5
       Short sword       |    38 |    98 ||   136
Evoke: Piece from Xom's  |       |     1 ||     1
 Stab: Sleeping          |     1 |     1 ||     2
Armor: Leather armour    |    30 |    10 ||    40
       Ring mail         |       |    22 ||    22
Dodge: Dodged            |    66 |    60 ||   126
